 Dungeon Crawl Stone Soup version 0.28.0 (webtiles) character file.

Game seed: 14468735791352792372

79 Dirian the Covered (level 4, -6/37 HPs)
             Began as a Barachi Fighter on Feb 13, 2022.
             Killed from afar by an orc wizard (7 damage)
             ... with a puff of flame
             ... on level 1 of the Dungeon.
             The game lasted 00:01:31 (1419 turns).

Dirian the Covered (Barachi Fighter)                Turns: 1419, Time: 00:01:32

Health: -6/37      AC:  7    Str: 17    XL:     4   Next: 38%
Magic:  4/4        EV:  9    Int:  8    God:
Gold:   83         SH:  5    Dex: 14    Spells: 3/3 levels left

rFire   . . .      SeeInvis .   a - +0 long sword
rCold   . . .      Faith    .   c - +0 buckler
rNeg    . . .      Spirit   .   b - +0 scale mail
rPois   .          Reflect  .   (no helmet)
rElec   .          Harm     .   (no cloak)
rCorr   .          Rampage  .   (no gloves)
Will    .....                   (no boots)
Stlth   ..........              (no amulet)
HPRegen 0.12/turn               (no ring)
MPRegen 0.09/turn               (no ring)

@: slow
A: amphibious, slowness 1, strong legs 1, +LOS
a: Hop


You were on level 1 of the Dungeon.
You visited 1 branch of the dungeon, and saw 2 of its levels.

You collected 83 gold pieces.

Inventory:

Hand Weapons
 a - a +0 long sword (weapon)
Missiles
 f - 47 stones
Armour
 b - a +0 scale mail (worn)
 c - a +0 buckler (worn)
Scrolls
 e - 2 scrolls of identify {unknown}
 g - a scroll of teleportation {unknown}
Potions
 d - a potion of might


   Skills:
 + Level 4.1 Fighting
 * Level 3.7 Long Blades
 + Level 4.2 Armour
 + Level 1.4 Dodging
 + Level 3.7 Shields


You had 3 spell levels left.
You didn't know any spells.
Your spell library was empty.

Dungeon Overview and Level Annotations

Branches:
Dungeon (2/15)

Altars:


Innate Abilities, Weirdness & Mutations

You are amphibious.
You cover ground slowly.
You can hop short distances.
You have an extended range of vision and can be seen from far away.


Message History

The orc wizard barely misses you. The orc priest barely misses you.
You barely miss the orc priest.
The orc priest is moderately wounded.
You block the orc wizard's attack. You block the orc priest's attack.
The orc wizard mumbles some strange words.
The orc wizard flickers and vanishes!
Deactivating autopickup; reactivate with Ctrl-A.
You barely miss the orc priest.
The orc priest is moderately wounded.
The orc priest hits you but does no damage.
Something hits you.
* * * LOW HITPOINT WARNING * * *
The orc priest hits you with a +0 short sword.
* * * LOW HITPOINT WARNING * * *
You hit the orc priest.
The orc priest is heavily wounded.
Something hits you but does no damage. You block the orc priest's attack.
You slash the orc priest!
You kill the orc priest!
Something hits you but does no damage.
You have reached level 4!
You feel agile.
You barely miss something.
You hear some strange, mumbled words.
Something tries to affect you, but you resist.
Something hits you but does no damage.
You miss something. Something hits you but does no damage.
You closely miss something. Something hits you but does no damage.
You closely miss something.
You hear some strange, mumbled words.
A magic dart appears from out of thin air!
The magic dart hits you.
* * * LOW HITPOINT WARNING * * *
You miss something. You block something's attack.
Something hits you but does no damage.
You completely miss something.
You hear some strange, mumbled words.
A puff of flame appears from out of thin air!
The puff of flame hits you!
You die...

###..........##.###.......#####
#.....##.....)#.##...#.##.# #
#.###.##.####..#...#...##.#####
#.# #.##.# #.#...............#
#.###.##.# #.#...............#
#.....##.# #.#.....##'##......
####.###.####.##...##...##.....
#.# #.##...{....#..<..#...## #.#
#.##...@....##...##.....
####.###.##....)....##+##....##
#........##..................##
#.##.######...................#
#....## #.#####..............
#####...#####.####............#.#
................##...............
#####...#######.##.#....)##......
##.## #......(...##......


There were no monsters in sight!

Vanquished Creatures
  An orc priest (D:1)
  Natasha (D:2)
  2 dart slugs (D:1)
  An orc (D:1)
  2 ball pythons (D:1)
  2 endoplasms (D:1)
  A goblin (D:1)
  3 hobgoblins (D:1)
  A kobold (D:1)
  A quokka (D:1)
  3 bats
  A frilled lizard (D:1)
  A rat (D:1)
20 creatures vanquished.

Notes
Turn   | Place    | Note
-------+----------+-------------------------------------------
     0 | D:1      | Dirian the Barachi Fighter began the quest for the Orb.
     0 | D:1      | Reached XP level 1. HP: 18/18 MP: 1/1
    57 | D:1      | Reached XP level 2. HP: 21/25 MP: 2/2
   401 | D:1      | Found a faded altar of an unknown god.
   876 | D:2      | Noticed Natasha
   878 | D:2      | Noticed a crimson imp
   880 | D:2      | Noticed a crimson imp
   881 | D:2      | Noticed a crimson imp
   890 | D:2      | Noticed a crimson imp
   900 | D:2      | Killed Natasha
   901 | D:2      | Reached skill level 1 in Dodging
   901 | D:2      | Reached XP level 3. HP: 2/30 MP: 3/3
  1414 | D:1      | Reached XP level 4. HP: 3/37 MP: 4/4
  1417 | D:1      | HP: 1/37 [something/magic dart (3)]
  1419 | D:1      | Killed from afar by an orc wizard

Illustrated notes

Levels and vault maps discovered:
D:1:      dpeg_arrival_shelter, layout_loops_ring,
          shapermc_ecumenical_altar_mp_highgroup, serial_park_tiny_1
D:2:      layout_basic, basic_altar, kennysheep_generic_room_4, uniq_natasha

Skill      XL: |  1  2 |
---------------+-------+-----
Long Blades    | 3 |  3.7
Fighting       | 4 |  4.1
Armour         | 4 |  4.2
Dodging        | 1 |  1.4
Shields        | |  3.7

Action                   |  1- 3 |  4- 6 || total
-------------------------+-------+-------++-------
Melee: Long sword        |    76 |     6 ||    82
Armor: Scale mail        |    41 |     4 ||    45
Dodge: Dodged            |    45 |       ||    45
Block: Buckler           |    25 |     1 ||    26
